 Dungeon Crawl Stone Soup version 0.17.2 (webtiles) character file.

899 Charly the Grappler (level 7, 0/67 HPs)
             Began as a Troll Transmuter on July 14, 2016.
             Hit by a tomahawk of returning thrown by a kobold (3 damage)
             ... in a bailey.
             The game lasted 00:15:14 (768 turns).

Charly the Grappler (Troll Transmuter)               Turns: 768, Time: 00:15:15

Health: 0/67       AC:  5    Str: 19    XL:     7   Next: 79%
Magic:  7/7        EV: 10    Int:  9    God:
Gold:   65         SH:  0    Dex: 12    Spells: 1 memorised, 7 levels left

rFire  . . .     SeeInvis .       - Unarmed
rCold  . . .     Clarity  .     b - +0 robe
rNeg   . . .     SustAt   .     (no shield)
rPois  .         Gourm    +     (helmet restricted)
rElec  .         Spirit   .     (no cloak)
rCorr  .         Warding  .     (gloves unavailable)
rMut   .         Stasis   .     (boots unavailable)
MR     .....                    (no amulet)
Stlth  +.........               (no ring)
                                (no ring)

@: very slightly contaminated, hasted, very quick, not resistant to hostile
enchantments, very unstealthy
A: unfitting armour, claws 3, fast metabolism 3, gourmand, regeneration 2,
shaggy fur 1, tough skin 2
a: no special abilities


You were in a bailey.
You were hungry.

You visited 1 branch of the dungeon, and saw 8 of its levels.
You also visited: Bailey.

You collected 65 gold pieces.

Inventory:

Missiles
 a - 12 arrows
Armour
 b - a +0 robe (worn)
Wands
 f - a wand of random effects (29)
 i - a wand of hasting (0)
 j - a wand of polymorph (10)
 l - a wand of fire (0)
 p - a wand of heal wounds (1)
Scrolls
 e - a scroll of remove curse
 n - a scroll of fear {unknown}
 o - a scroll of amnesia {unknown}
 q - a scroll of teleportation {unknown}
Potions
 g - a potion of resistance {unknown}
 k - a potion of mutation {unknown}
Books
 c - a book of Changes

   Spells                             Type                      Level
   a - Beastly Appendage              Transmutation                1
   b - Sticks to Snakes               Transmutation                2
   c - Spider Form                    Transmutation/Poison         3
   d - Ice Form                       Ice/Transmutation            4
   e - Blade Hands                    Transmutation                5
 m - a book of Frost

   Spells                             Type                      Level
   a - Freeze                         Ice                          1
   b - Throw Frost                    Conjuration/Ice              2
   c - Ozocubu's Armour               Charms/Ice                   3
   d - Throw Icicle                   Conjuration/Ice              4
   e - Summon Ice Beast               Ice/Summoning                4
   f - Condensation Shield            Ice                          4
Comestibles
 d - 2 bread rations
 h - a meat ration


   Skills:
 + Level 3.3 Fighting
 - Level 1.5 Dodging
 + Level 8.5 Unarmed Combat
 - Level 1.2 Spellcasting
 - Level 1.3 Transmutations


You had 7 spell levels left.
You knew the following spells:

 Your Spells              Type           Power        Failure   Level  Hunger
a - Beastly Appendage     Trmt           #.....       21%         1    ##.....


Dungeon Overview and Level Annotations

Branches:
Dungeon (8/15)
 Temple: D:4-7         Lair: D:8-11

Altars:

Shops:
D:5 *


Innate Abilities, Weirdness & Mutations

You are too large for most types of armour.
You have claws for hands.
Your metabolism is lightning-fast.
You like to eat raw meat.
You heal very quickly.
You are covered in fur (AC +1).
You have very tough skin (AC +2).


Message History

You feel much better.
This wand has 1 charge left.
The kobold hits you but does no damage. The kobold barely misses you.
Unknown command.
You completely miss the orc knight.
The orc knight is heavily wounded.
The kobold throws a tomahawk of returning.
The tomahawk of returning hits you but does no damage.
The kobold barely misses you. The kobold hits you.
Unknown command.
You closely miss the orc knight.
The orc knight is heavily wounded.
The orc knight hits you with a broad axe!!
* * * LOW HITPOINT WARNING * * *
The kobold hits you.
* * * LOW HITPOINT WARNING * * *
Unknown command.
The kobold hits you but does no damage.
The kobold throws a tomahawk of returning.
The tomahawk of returning hits you.
You die...

... ###'###
##.....##
#...8...#
#∩).)o[∩#
#..)..#
####'oK####
##≈...(...≈##
#≈≈..@K...≈≈##
+≈≈...K...≈≈K.
#≈≈...(...≈≈##
+≈≈...(...≈≈K.
##≈≈...(...≈≈##
.K≈≈.......≈≈K.
###≈≈...(...≈≈##
+≈≈...(...≈≈KK
#≈≈...(...≈≈##


You could see 2 orc knights and 8 kobolds.

Vanquished Creatures
  A wyvern (Bailey)
  Sigmund (D:6)
  A black bear (D:6)
  A phantom (D:7)
  2 ogres (D:5)
  A scorpion (D:7)
  A hound (D:6)
  A centaur skeleton (D:4)
  Jessica (D:3)
  An iguana (D:5)
  A hound zombie (D:6)
  A gnoll (Bailey)
  2 adders (D:5)
  An ooze (D:5)
  An adder skeleton (D:5)
  A giant gecko (D:1)
  4 orcs
  2 giant cockroaches
  5 hobgoblins
  A quokka (D:5)
  A ball python (D:2)
  A bat (D:2)
  3 giant newts
  A goblin (D:1)
  2 kobolds
  2 rats
40 creatures vanquished.

Notes
Turn   | Place    | Note
--------------------------------------------------------------
     0 | D:1      | Charly the Troll Transmuter began the quest for the Orb.
     0 | D:1      | Reached XP level 1. HP: 18/18 MP: 1/1
   120 | D:2      | Reached XP level 2. HP: 23/26 MP: 2/2
   132 | D:3      | Noticed Jessica
   143 | D:3      | Killed Jessica
   143 | D:3      | Reached skill level 4 in Unarmed Combat
   143 | D:3      | Reached XP level 3. HP: 28/32 MP: 3/3
   205 | D:5      | Entered Level 5 of the Dungeon
   221 | D:4      | Reached XP level 4. HP: 31/40 MP: 4/4
   224 | D:5      | Reached skill level 5 in Unarmed Combat
   233 | D:5      | Found Elilutyk's General Store.
   234 | D:5      | Noticed an ogre
   242 | D:5      | Killed an ogre
   242 | D:5      | Reached XP level 5. HP: 44/46 MP: 5/5
   249 | D:5      | Reached skill level 6 in Unarmed Combat
   253 | D:5      | Noticed an ogre
   259 | D:5      | Killed an ogre
   307 | D:5      | Reached XP level 6. HP: 51/54 MP: 6/6
   389 | D:6      | Reached skill level 7 in Unarmed Combat
   525 | D:6      | Reached skill level 1 in Fighting
   579 | D:6      | Noticed Sigmund
   590 | D:6      | Killed Sigmund
   590 | D:6      | Reached XP level 7. HP: 47/65 MP: 7/7
   661 | D:7      | Reached skill level 8 in Unarmed Combat
   715 | D:8      | Found a flagged portal.
   721 | Bailey   | Entered a bailey
   743 | Bailey   | Noticed a wyvern
   743 | Bailey   | an orc warrior changed into a wyvern
   751 | Bailey   | Killed a wyvern
   754 | Bailey   | Noticed an orc knight
   762 | Bailey   | Noticed an orc knight
   767 | Bailey   | HP: 3/67 [kobold (1)]
   768 | Bailey   | Hit by a tomahawk of returning thrown by a kobold

Action                   |  1- 3 |  4- 6 |  7- 9 || total
-------------------------+-------+-------+-------++-------
Melee: Unarmed           |    44 |    56 |    28 ||   128
Evoke: Wand              |     1 |     6 |     7 ||    14
  Use: Scroll            |       |     4 |       ||     4
 Stab: Sleeping          |       |     1 |       ||     1
  Eat: Chunk             |       |     1 |     1 ||     2
       Beef jerky        |       |     1 |       ||     1
